 Dungeon Sprint DCSS version 0.32-a0-685-g93135e86f0 (webtiles) character file.

Game seed: 18301362055975995241

890 Prakerore the Imperceptible (level 7, -1/49 HPs)
             Began as a Vampire Brigand on Mar 13, 2024.
             Was a Believer of Dithmenos.
             Slain by a killer bee (5 damage)
             ... in the Dungeon (Sprint IV: "Fedhas' Mad Dash").
             The game lasted 00:05:13 (410 turns).

Prakerore the Imperceptible (Vampire Brigand)        Turns: 410, Time: 00:05:13

Health: -1/49      AC:  3    Str: 10    XL:     7   Next: 77%
Magic:  7/7        EV: 12    Int: 13    God:    Dithmenos [**....]
Gold:   24         SH:  0    Dex: 18    Spells: 6/6 levels left

rFire   . . .        a - +2 dagger
rCold   . . .        (no shield)
rNeg    . . .        o - +0 robe
rPois   .            (no helmet)
rElec   .            l - +0 cloak
rCorr   .            (no gloves)
SInv    +            (no boots)
Will    .....        m - amulet of invisibility {+Inv} Stlth **++++++++
                     (no ring)
HPRegen 0.48/turn    (no ring)
MPRegen 0.10/turn

%: no teleportation
@: very slightly contaminated, healing quickly, wreathed by umbra
A: alive, fangs 3, see invisible, vampiric 2
a: Exsanguinate, Renounce Religion, Evoke Invisibility, Shadow Step


You were in the Dungeon.
You worshipped Dithmenos.
Dithmenos was pleased with you.
You visited 1 branch You collected 149 gold pieces.
You spent 125 gold pieces at shops.

Inventory:

Hand Weapons
 a - a +2 dagger (weapon)
 b - a +0 rapier
 q - a +3 hand cannon of electrocution
Missiles
 d - 5 poisoned darts (quivered)
 e - 3 curare-tipped darts
Armour
 c - a +0 cloak
 l - a +0 cloak (worn)
 n - a +0 cloak
 o - a +0 robe (worn)
Jewellery
 m - the amulet of invisibility (around neck) {+Inv}
   (You found it in the Dungeon)

   [amulet of nothing]

   +Inv:      It lets you turn invisible.
Potions
 g - a potion of heal wounds
 h - a potion of haste
 i - 2 potions of magic
 j - a potion of berserk rage
 p - a potion of attraction


   Skills:
 - Level 1.7 Fighting
 - Level 2.1 Short Blades
 - Level 1.5 Throwing
 - Level 1.1 Dodging
 + Level 25.1 Stealth


You had 6 spell levels left.
You didn't know any spells.
Your spell library was empty.

Dungeon Overview and Level Annotations

Branches:
Dungeon (1/1)

Altars:
Cheibriados
Dithmenos
Gozag
Hepliaklqana
Kikubaaqudgha
Makhleb
Nemelex Xobeh
Okawaru
Qazlal
Ru
Sif Muna
Trog
Uskayaw
Vehumet
Wu Jian
Xom
Yredelemnul
Beogh
Jiyva
Lugonu

Shops:
D !*::


Innate Abilities, Weirdness & Mutations

Your natural rate of healing is accelerated.
You have razor-sharp teeth.
You have supernaturally acute eyesight. (SInv)
You are afflicted with vampirism and can become a bat while bloodless.


Message History

The killer bee is lightly wounded.
You feel sick. The killer bee closely misses you. The killer bee stings you.
* * * LOW HITPOINT WARNING * * *
You are more poisoned.
The killer bee poisons you!
Throw: 6 darts (poison)
Press: ? - help, Q - select action, (/) - cycle Shift-Dir - straight line, f/p - killer bee
Aim: a killer bee (moderately wounded, poisoned, umbra, 26% to hit)
You throw a poisoned dart.
The poisoned dart closely misses the killer bee.
You feel sick. The killer bee closely misses you. The killer bee stings you.
* * * LOW HITPOINT WARNING * * *
Unknown command.
You feel better. The killer bee misses you. The killer bee stings you!
* * * LOW HITPOINT WARNING * * *
Unknown command.
Throw: 5 darts (poison)
Press: ? - help, Q - select action, (/) - cycle Shift-Dir - straight line, f/p - killer bee
Aim: a killer bee (heavily wounded, poisoned, umbra, 26% to hit)
Okay, then.
You completely miss the killer bee.
The killer bee is heavily wounded.
The killer bee stings you!
* * * LOW HITPOINT WARNING * * *
The killer bee stings you.
* * * LOW HITPOINT WARNING * * *
Unknown command.
You barely miss the killer bee.
The killer bee is heavily wounded.
The killer bee misses you. The killer bee closely misses you.
Unknown command.
Unknown command.
Okay, then.
You feel better. The killer bee barely misses you. The killer bee stings you!
* * * LOW HITPOINT WARNING * * *
Unknown command.
You closely miss the killer bee.
The killer bee is severely wounded.
The killer bee stings you.
You die...

################################
#<..P#.....#...(.#.⌠._._._._.⌠.#
#PP..†.....'.#.).'.._._._._._..'
#PPPP#.....#.#...#..._._._._...#
###############y##.._._._._._..#
#...♣.......y+.@.#._._._._._.⌠.#
#.yyy..♣...y.#...###############
#...y.♣..♣..###### ##+####+#####


You could see a killer bee (poisoned).

Vanquished Creatures
  2 wandering mushrooms (D)
  3 scorpions (D)
  A killer bee (D)
  A scrub nettle (D)
  4 oklob saplings (D)
  2 spriggans (D)
  A river rat (D)
  A rat (D)
15 creatures vanquished.

Notes
Turn   | Place    | Note
-------+----------+-------------------------------------------
     0 | D        | Prakerore the Vampire Brigand began the quest for the Orb.
     0 | D        | Reached XP level 1. HP: 16/16 MP: 1/1
    25 | D        | Reached skill level 8 in Stealth
    25 | D        | Reached XP level 2. HP: 12/17 MP: 2/2
    49 | D        | Noticed an oklob sapling
    51 | D        | Killed an oklob sapling
    52 | D        | Reached skill level 11 in Stealth
    52 | D        | Gained mutation: You are afflicted with vampirism and can
                  | become a bat while bloodless. [Vampire growth]
    52 | D        | Reached XP level 3. HP: 21/21 MP: 3/3
    53 | D        | Noticed a scorpion
    53 | D        | Found the amulet of invisibility {+Inv}
    55 | D        | Killed a scorpion
    56 | D        | Reached skill level 14 in Stealth
    56 | D        | Reached XP level 4. HP: 26/26 MP: 4/4
    80 | D        | Reached skill level 15 in Stealth
    90 | D        | Found an opulent altar of Gozag.
    90 | D        | Found a hazy altar of Hepliaklqana.
    90 | D        | Found a roughly hewn altar of Beogh.
    90 | D        | Found a snail-covered altar of Cheibriados.
    91 | D        | Found a viscous altar of Jiyva.
    91 | D        | Found a burning altar of Makhleb.
    91 | D        | Found a sparkling altar of Nemelex Xobeh.
    91 | D        | Found a sacrificial altar of Ru.
    91 | D        | Found a shimmering blue altar of Sif Muna.
    91 | D        | Found a bloodstained altar of Trog.
    91 | D        | Found an ornate altar of the Wu Jian Council.
    91 | D        | Found a shimmering altar of Xom.
    91 | D        | Found a basalt altar of Yredelemnul.
    92 | D        | Found an iron altar of Okawaru.
    92 | D        | Found a shadowy altar of Dithmenos.
    93 | D        | Found a hide-covered altar of Uskayaw.
    93 | D        | Found an ancient bone altar of Kikubaaqudgha.
    94 | D        | Found a stormy altar of Qazlal.
    95 | D        | Found a radiant altar of Vehumet.
    95 | D        | Found a corrupted altar of Lugonu.
    99 | D        | Reached skill level 17 in Stealth
    99 | D        | Reached XP level 5. HP: 30/30 MP: 5/5
   102 | D        | Became a worshipper of Dithmenos the Shadowed
   112 | D        | Reached skill level 18 in Stealth
   122 | D        | Reached * piety under Dithmenos
   123 | D        | Reached skill level 19 in Stealth
   123 | D        | Reached XP level 6. HP: 35/35 MP: 6/6
   137 | D        | Found Binyok's General Store.
   138 | D        | Found Gepuogoe's Distillery.
   144 | D        | Bought a potion of attraction for 30 gold pieces
   146 | D        | Noticed a wandering mushroom
   147 | D        | Noticed a wandering mushroom
   149 | D        | Killed a wandering mushroom
   150 | D        | Reached skill level 22 in Stealth
   150 | D        | Reached XP level 7. HP: 39/39 MP: 7/7
   151 | D        | Killed a wandering mushroom
   151 | D        | Reached ** piety under Dithmenos
   152 | D        | Reached skill level 24 in Stealth
   247 | D        | Bought a potion of berserk rage for 65 gold pieces
   273 | D        | Found Meleatos's Book Shoppe.
   274 | D        | Found Liun's Book Emporium.
   318 | D        | Noticed a queen bee
   361 | D        | Bought a potion of curing for 30 gold pieces
   388 | D        | Reached skill level 25 in Stealth
   410 | D        | Slain by a killer bee

Illustrated notes

Levels and vault maps discovered:
D:        dungeon_sprint_fedhas [sprint_temple]

Skill      XL: |  1  2  3  4  5  6  7 |
---------------+----------------------+-----
Stealth        | 8 11 14 17 19 22 25 | 25.1
Fighting       | |  1.7
Short Blades   | |  2.1
Throwing       | |  1.5
Dodging        | |  1.1

Action                     |  1- 3 |  4- 6 |  7- 9 || total
---------------------------+-------+-------+-------++-------
  Melee: Dagger            |    15 |     7 |    19 ||    41
         Bite              |     3 |       |     3 ||     6
         Rapier            |       |       |     5 ||     5
  Throw: Dart              |       |       |     4 ||     4
Ability: Exsanguinate      |     1 |       |       ||     1
         Evoke Invisibilit |       |       |     4 ||     4
         Revivify          |       |       |     1 ||     1
    Use: Potion            |       |       |     4 ||     4
         Scroll            |       |       |     1 ||     1
   Stab: Sleeping          |     2 |     7 |     2 ||    11
         Invisible         |       |       |     1 ||     1
 Armour: Robe              |     3 |       |    24 ||    27
  Dodge: Dodged            |     8 |       |    36 ||    44

Table legend: (Time is in decaauts)
 A = Elapsed time spent in this place.
 B = Non-inter-level travel time spent in this place.
 C = Inter-level travel time spent in this place.
 D = Time resting spent in this place.
 E = Time spent auto-exploring this place.
 F = Levels seen in this place.
 G = Mean time per level.
                   A        B        C        D        E       F      G
               +--------+--------+--------+--------+--------+-----+--------+
         Total |    412 |    364 |     48 |     81 |     13 |   1 |  412.0 |
       Dungeon |    412 |    364 |     48 |     81 |     13 |   1 |  412.0 |
               +--------+--------+--------+--------+--------+-----+--------+

Top non-repeatable levels by time:
       D: 412 daAuts
